AoeStats
← no one

Arena

508539284Analyzed
1v1 RM · 10d ago on Sep 22, 2026· 38m 8s· 2 players
Game mode
Random Map
Map size
Tiny (2 player)
Population
200
Speed
Normal
Resources
Standard
Victory
Conquest
Starting age
Dark Age
Ending age
Imperial Age
RankedLock teamsTeams togetherTeam positionsShared explorationLock speedFull tech treeHidden civsTurbo modeCheats
Victory
Defeat
🇦🇷 Burgundians · Argentina
1668
+14
🇬🇧 Random · United Kingdom
1621
-14
SnowyP
10:18 Feudal Age
14:27 Castle Age
12:23 Horse Collar
12:49 Double-Bit Axe
19:31 Bloodlines
19:18 Light Cavalry
23:00 Wheelbarrow
22:58 Loom
24:57 Hand Cart
25:19 Bow Saw
25:59 Heavy Plow
27:47 Gold Mining
28:02 Fletching
28:16 Husbandry
30:47 Imperial Age
29:10 Bodkin Arrow
29:37 Ballistics
29:58 Town Watch
30:27 Padded Archer Armor
30:52 Cranequins
31:58 Bracer
33:13 Chemistry
32:37 Pikeman
33:28 Heavy Mounted Crossbowman
35:44 Scale Mail Armor
35:44 Elite Varangian Guard
36:51 Chain Mail Armor
36:48 Forging
38:05 Squires
no one
3:45 Double-Bit Axe
6:59 Horse Collar
10:31 Feudal Age
14:41 Castle Age
13:35 Bow Saw
15:22 Husbandry
14:52 Light Cavalry
17:18 Wheelbarrow
20:40 Two-Man Saw
22:29 Town Watch
25:18 Hand Cart
25:20 Heavy Plow
25:45 Gold Mining
25:47 Stone Mining
28:33 Imperial Age
25:53 Loom
26:30 Scale Barding Armor
26:12 Cavalier
27:45 Forging
29:21 Iron Casting
30:44 Chemistry
30:05 Ballistics
31:06 Chain Barding Armor
31:20 Conscription
32:56 Plate Barding Armor
31:47 Paladin
33:35 Plate Barding Armor
33:21 Fletching
34:18 Masonry
34:05 Elite Skirmisher
35:59 Bodkin Arrow
36:40 Padded Archer Armor
36:50 Bracer
37:19 Hussar
38:34 Padded Archer Armor
Connection lost

Rejoining the realm…

Still unreachable

The connection could not be restored.

Session expired

The server has moved on; the page needs a fresh start.